 Dungeon Crawl Stone Soup version 0.32-a0-872-g59262bdc9b (webtiles) character file.

Game seed: 9021363236343201730

546 Shayle the Apothecary (level 7, -4/46 HPs)
             Began as a Coglin Alchemist on Mar 30, 2024.
             Slain by a crocodile zombie (7 damage)
             ... in an ossuary.
             The game lasted 00:12:37 (4374 turns).

Shayle the Apothecary (Coglin Alchemist)            Turns: 4374, Time: 00:12:37

Health: -4/46      AC:  7    Str:  8    XL:     7   Next: 28%
Magic:  12/12      EV: 11    Int: 16    God:
Gold:   156        SH:  0    Dex: 15    Spells: 5/13 levels left

rFire   . . .        e - +0 dagger {Xochipepe}
rCold   . . .        i - +0 whip (freeze) {Hwan}
rNeg    . . .        q - +3 leather armour
rPois   .            (no helmet)
rElec   .            (no cloak)
rCorr   .            f - +0 pair of gloves
SInv    .            (no boots)
Will    .....        (amulet unavailable)
Stlth   ++           (ring unavailable)
HPRegen 0.27/turn    (ring unavailable)
MPRegen 0.13/turn    (no gizmo)

%: no passive effects
@: revved
A: off-hand wielding, slow wielding, warmup strikes, no jewellery
a: Invent Gizmo


You were in an ossuary.
You visited 1 branch of the dungeon, and saw 5 of its levels.
You also visited: Ossuary.

You collected 156 gold pieces.

Inventory:

Hand Weapons
 e - a +0 dagger (weapon) {Xochipepe}
 i - a +0 whip of freezing (offhand) {Hwan}
 j - a +3 falchion
Armour
 a - a +0 robe
 f - a +0 pair of gloves (worn)
 q - a +3 leather armour (worn)
Wands
 s - a wand of digging (8)
Scrolls
 c - 3 scrolls of identify
 g - a scroll of poison {unknown}
 m - a scroll of blinking {unknown}
 o - 2 scrolls of revelation
 p - a scroll of torment {unknown}
 w - a scroll of enchant armour {unknown}
 x - a scroll of immolation
Potions
 b - a potion of magic
 d - 2 potions of mutation
 h - a potion of curing
 k - a potion of might {unknown}
 l - 2 potions of brilliance
 n - 2 potions of attraction
 r - a potion of degeneration {unknown}
 t - a potion of lignification {unknown}
 u - 2 potions of enlightenment {unknown}
 v - a potion of haste {unknown}


   Skills:
 + Level 0.0 Fighting
 - Level 3.7 Dodging
 - Level 1.5 Stealth
 - Level 3.5 Spellcasting
 - Level 3.4 Conjurations
 + Level 0.0 Fire Magic
 + Level 5.2 Alchemy


You had 5 spell levels left.
You knew the following spells:

 Your Spells              Type           Power      Damage    Failure   Level
a - Sting                 Conj/Alch      64%        1d7       4%          1
b - Mephitic Cloud        Conj/Alch/Air  12%        N/A       24%         3
c - Sticky Flame          Fire/Alch      11%        2d5       65%         4

Your spell library contained the following spells:

 Spells                   Type           Power      Damage    Failure   Level
 Mercury Vapours          Alch/Air       22%        N/A       13%         2
 Necrotise                Necr           8%         1d4       26%         1
 Olgreb's Toxic Radiance  Alch           19%        N/A       30%         4
 Ensorcelled Hibernation  Hex/Ice        4%         N/A       36%         2
 Sublimation of Blood     Necr           2%         N/A       36%         2
 Fugue of the Fallen      Necr           2%         N/A       61%         3
 Vampiric Draining        Necr           2%         2d6       61%         3
 Petrify                  Alch/Erth      11%        N/A       65%         4
 Irradiate                Conj/Alch      8%         3d14      77%         5
 Anguish                  Hex/Necr       1%         N/A       95%         4
 Martyr's Knell           Necr/Summ      2%         N/A       95%         4
 Curse of Agony           Necr           2%         N/A       100%        5


Dungeon Overview and Level Annotations

Branches:
Dungeon (5/15)            Ossuary (1/1)
 Temple: D:4-7

Altars:
Dithmenos
Elyvilon
Fedhas
Makhleb
Nemelex Xobeh
Ru
Sif Muna


Innate Abilities, Weirdness & Mutations

You can wield a second weapon in your off-hand.
It takes a long time for you to wield or remove held weapons.
Your first few attacks do less damage.
You cannot equip rings or amulets.


Message History

The crocodile zombie bites you!
You hit the crocodile zombie but do no damage.
The crocodile zombie is heavily damaged.
You barely miss the crocodile zombie with your +0 dagger.
The crocodile zombie bites you but does no damage.
You hit the crocodile zombie with your +0 dagger.
The crocodile zombie is severely damaged.
You hit the crocodile zombie with your +0 whip of freezing.
The crocodile zombie bites you!
You hit the crocodile zombie with your +0 whip of freezing.
The crocodile zombie is severely damaged.
You hit the crocodile zombie with your +0 dagger.
The crocodile zombie bites you.
You hit the crocodile zombie but do no damage.
The crocodile zombie is severely damaged.
You hit the crocodile zombie but do no damage.
You hit the crocodile zombie but do no damage.
The crocodile zombie is severely damaged.
You hit the crocodile zombie with your +0 dagger.
The crocodile zombie misses you.
You hit the crocodile zombie with your +0 dagger.
The crocodile zombie is almost destroyed.
You barely miss the crocodile zombie with your +0 whip of freezing.
The crocodile zombie bites you.
* * * LOW HITPOINT WARNING * * *
You hit the crocodile zombie with your +0 dagger.
The crocodile zombie is almost destroyed.
You barely miss the crocodile zombie with your +0 whip of freezing.
The crocodile zombie bites you!
* * * LOW HITPOINT WARNING * * *
Okay, then.
You barely miss the crocodile zombie with your +0 whip of freezing.
The crocodile zombie is almost destroyed.
You hit the crocodile zombie but do no damage.
The crocodile zombie bites you but does no damage.
You hit the crocodile zombie with your +0 whip of freezing.
The crocodile zombie is almost destroyed.
You hit the crocodile zombie with your +0 dagger.
The crocodile zombie bites you!
You die...

#∩..#...#!!!!#
#...'.∩.#?$?!+
#...#...#!!!!#
#...##### ###
#...# ###'#
#...# #...#
#.@.# #..Z#
###+#


You could see a crocodile zombie.

Vanquished Creatures
  An ice beast (D:5)
  3 bombardier beetles (D:4)
  A gnoll bouda (D:3)
  Jessica (D:2)
  Natasha (thrice) (D:2)
  Terence (D:2)
  An iguana (D:4)
  2 orc wizards (D:4)
  3 gnolls
  An adder (D:3)
  2 adder zombies (Ossuary)
  A dart slug (D:1)
  5 orcs
  3 ball pythons
  7 endoplasms
  3 giant cockroaches
  6 hobgoblins
  6 jackals (D:1)
  3 kobolds
  4 quokkas
  5 bats
  8 frilled lizards
  A gnoll zombie (Ossuary)
  4 goblins
  4 rats (D:2)
  A rat zombie (D:5)
80 creatures vanquished.

Notes
Turn   | Place    | Note
-------+----------+-------------------------------------------
     0 | D:1      | Shayle the Coglin Alchemist began the quest for the Orb.
     0 | D:1      | Reached XP level 1. HP: 13/13 MP: 3/3
   140 | D:1      | Reached skill level 1 in Conjurations
   477 | D:1      | Reached XP level 2. HP: 19/19 MP: 1/4
  1088 | D:2      | Noticed Natasha
  1096 | D:2      | Killed Natasha
  1097 | D:2      | Reached XP level 3. HP: 2/24 MP: 2/6
  1261 | D:2      | Noticed Natasha
  1279 | D:2      | Killed Natasha
  1280 | D:2      | Reached XP level 4. HP: 14/30 MP: 0/7
  1620 | D:2      | Noticed Natasha
  1631 | D:2      | Killed Natasha
  1632 | D:2      | Reached skill level 4 in Alchemy
  1797 | D:2      | Noticed Terence
  1805 | D:2      | Killed Terence
  1806 | D:2      | Reached XP level 5. HP: 10/35 MP: 1/8
  1907 | D:2      | Learned a level 3 spell: Mephitic Cloud
  2062 | D:2      | Noticed Jessica
  2067 | D:2      | Killed Jessica
  2610 | D:3      | Found a faded altar of an unknown god.
  2694 | D:3      | Found a shadowy altar of Dithmenos.
  2741 | D:3      | Found a shimmering blue altar of Sif Muna.
  2926 | D:3      | Reached XP level 6. HP: 3/41 MP: 3/10
  3508 | D:4      | Found a white marble altar of Elyvilon.
  3550 | D:4      | Reached skill level 5 in Alchemy
  3550 | D:4      | Reached XP level 7. HP: 34/46 MP: 7/12
  3614 | D:4      | Found a sacrificial altar of Ru.
  3615 | D:4      | Found a burning altar of Makhleb.
  3615 | D:4      | Found a sparkling altar of Nemelex Xobeh.
  3952 | D:4      | Found a blossoming altar of Fedhas.
  4087 | D:5      | Entered Level 5 of the Dungeon
  4263 | D:5      | Found a sand-covered staircase.
  4281 | D:5      | Learned a level 4 spell: Sticky Flame
  4283 | Ossuary  | Entered an ossuary
  4372 | Ossuary  | HP: 2/46 [crocodile zombie (9)]
  4374 | Ossuary  | Slain by a crocodile zombie

Illustrated notes

Levels and vault maps discovered:
D:1:      matt_arrival_refuge, layout_loops_ring, hangedman_decor_push
D:2:      layout_basic, bh_walls_and_bars, uniq_terence, uniq_jessica,
          uniq_natasha
D:3:      layout_basic, mainiacjoe_overflow_catwalk,
          nicolae_sif_muna_condensation,
          shapermc_ecumenical_altar_mp_urbaneastern
D:4:      layout_basic, kennysheep_mini_moat,
          chequers_temple_overflow_statue_of_worship,
          mainiacjoe_overflow_chevrons
D:5:      layout_loops_cross, old_standard_altar, slow_altar_2, enter_ossuary_3
Ossuary:  ossuary_tomb_2

Skill      XL: |  1  2  3  4  5  6 |
---------------+-------------------+-----
Conjurations   | 1 2 3 |  3.4
Dodging        | 2 3 |  3.7
Spellcasting   | 2 3 |  3.5
Alchemy        | 4 5 |  5.2
Stealth        | |  1.5

Action                     |  1- 3 |  4- 6 |  7- 9 || total
---------------------------+-------+-------+-------++-------
  Melee: Dagger            |    25 |   106 |    51 ||   182
         Unarmed           |     2 |       |       ||     2
         Whip              |    20 |   111 |    54 ||   185
   Cast: Sting             |    28 |    48 |     9 ||    85
         Mephitic Cloud    |       |     3 |       ||     3
    Use: Scroll            |       |    10 |       ||    10
         Potion            |       |       |     1 ||     1
   Stab: Confused          |       |     5 |       ||     5
         Sleeping          |       |       |     1 ||     1
 Armour: Robe              |    24 |    62 |       ||    86
         Leather armour    |       |     5 |    35 ||    40
  Dodge: Dodged            |    22 |    88 |    30 ||   140

Table legend: (Time is in decaauts)
 A = Elapsed time spent in this place.
 B = Non-inter-level travel time spent in this place.
 C = Inter-level travel time spent in this place.
 D = Time resting spent in this place.
 E = Time spent auto-exploring this place.
 F = Levels seen in this place.
 G = Mean time per level.
                   A        B        C        D        E       F      G
               +--------+--------+--------+--------+--------+-----+--------+
         Total |   4385 |   4278 |    107 |    927 |   2271 |   6 |  730.8 |
       Dungeon |   4292 |   4185 |    107 |    890 |   2271 |   5 |  858.4 |
       Ossuary |     92 |     92 |      0 |     37 |      0 |   1 |   92.0 |
               +--------+--------+--------+--------+--------+-----+--------+

Top non-repeatable levels by time:
     D:2: 1261 daAuts
     D:1: 1063 daAuts
     D:4: 948 daAuts
     D:3: 822 daAuts
     D:5: 196 daAuts
 Ossuary: 92 daAuts
